 Dungeon Crawl Stone Soup version 0.27-a0-780-geb8d7bc690 (webtiles) character file.

Game seed: 9798184287415969917

144 Aggronaut the Cutter (level 5, 0/48 HPs)
             Began as a Kobold Berserker on Mar 26, 2021.
             Was a Believer of Trog.
             Slain by an orc wizard
             ... wielding a +0 dagger
              (3 damage)
             ... on level 3 of the Dungeon.
             The game lasted 00:03:27 (3051 turns).

Aggronaut the Cutter (Kobold Berserker)             Turns: 3051, Time: 00:03:27

Health: 0/48       AC:  2    Str: 15    XL:     5   Next: 51%
Magic:  5/5        EV: 14    Int:  9    God:    Trog [**....]
Gold:   89         SH:  0    Dex: 14    Spells: 4/4 levels left

rFire    . . .     SeeInvis +   a - +0 short sword
rCold    . . .     Faith    .   (shield restricted)
rNeg     . . .     Spirit   .   b - +0 animal skin
rPois    .         Reflect  .   (no helmet)
rElec    .         Harm     .   (no cloak)
rCorr    .         Rampage  .   (no gloves)
Will     .....                  (no boots)
Stlth    ..........             (no amulet)
HPRegen  0.16/turn              e - ring of see invisible
MPRegen  0.09/turn              (no ring)

@: berserking, attractive, very quick
A: small, no large weapons, nightstalker 3
a: Renounce Religion, Berserk, Trog's Hand


You were on level 3 of the Dungeon.
You worshipped Trog.
Trog was pleased with you.
You visited 1 branch of the dungeon, and saw 3 of its levels.

You collected 89 gold pieces.

Inventory:

Hand Weapons
 a - a +0 short sword (weapon)
Armour
 b - a +0 animal skin (worn)
Jewellery
 e - a ring of see invisible (right hand)
Scrolls
 f - 3 scrolls of magic mapping {unknown}
Potions
 d - a potion of magic {unknown}
 g - a potion of brilliance {unknown}
 h - a potion of flight {unknown}


   Skills:
 - Level 3.2 Fighting
 * Level 6.6 Short Blades
 - Level 1.6 Armour
 - Level 2.4 Dodging
 + Level 3.7 Stealth


You had 4 spell levels left.
You didn't know any spells.
Your spell library was empty.

Dungeon Overview and Level Annotations

Branches:
Dungeon (3/15)

Altars:


Innate Abilities, Weirdness & Mutations

You are small and have problems with some larger weapons.
You are completely attuned to the shadows.


Message History

The orc wizard hits you with a +0 dagger.
You hit the orc wizard.
The orc wizard is moderately wounded.
The orc wizard hits you with a +0 dagger.
You hit the orc wizard.
The orc wizard is heavily wounded.
You hit the orc wizard but do no damage.
The orc wizard is heavily wounded.
The orc wizard hits you with a +0 dagger.
You barely miss the orc wizard.
The orc wizard is heavily wounded.
The orc wizard closely misses you.
You hit the orc wizard.
The orc wizard is heavily wounded.
The orc wizard hits you with a +0 dagger.
You closely miss the orc wizard.
The orc wizard is heavily wounded.
The orc wizard hits you but does no damage.
You barely miss the orc wizard.
The orc wizard is heavily wounded.
You closely miss the orc wizard.
The orc wizard is heavily wounded.
The orc wizard hits you with a +0 dagger.
You hit the orc wizard but do no damage.
The orc wizard is heavily wounded.
The orc wizard hits you with a +0 dagger.
* * * LOW HITPOINT WARNING * * *
You barely miss the orc wizard.
The orc wizard is heavily wounded.
The orc wizard hits you but does no damage.
Items here: $ )) †.
The orc wizard gestures at you while chanting.
The magic dart hits you!
* * * LOW HITPOINT WARNING * * *
It was a potion of attraction.
You feel attractive to monsters.
A red film seems to cover your vision as you go berserk!
You feel yourself moving faster!
You feel mighty!
The orc wizard hits you with a +0 dagger.
You die...

#### #... ## #..# ##.#
#..# ....## #.<#
.....###### #####..#
......)...# #.......
.....####o# #.#.....
......###@# #.#.#...
.......##.# #)#.###.
........#)# #.#.# #†
....)...#.#########.#.#
#.
....................#.#
#.
....###...............#
#. ....
#.#.############# ....
#.#.# ..#.#


You could see an orc wizard.

Vanquished Creatures
  Natasha (thrice) (D:2)
  2 adders (D:2)
  A worm (D:2)
  2 orcs (D:3)
  4 endoplasms
  2 giant cockroaches
  2 goblins (D:2)
  3 hobgoblins
  5 jackals
  5 kobolds
  3 quokkas (D:1)
  4 ball pythons
  4 bats (D:1)
  2 frilled lizards
  4 rats
46 creatures vanquished.

Notes
Turn   | Place    | Note
-------+----------+-------------------------------------------
     0 | D:1      | Aggronaut the Kobold Berserker began the quest for the Orb.
     0 | D:1      | Reached XP level 1. HP: 14/14 MP: 1/1
   148 | D:1      | Reached skill level 1 in Stealth
   148 | D:1      | Reached XP level 2. HP: 10/19 MP: 2/2
   810 | D:1      | Reached XP level 3. HP: 19/23 MP: 3/3
  1145 | D:2      | Reached skill level 5 in Short Blades
  1245 | D:2      | Noticed Natasha
  1254 | D:2      | HP: 1/23 [Natasha (10)]
  1255 | D:2      | Killed Natasha
  1255 | D:2      | Reached ** piety under Trog
  1256 | D:2      | Reached XP level 4. HP: 1/28 MP: 4/4
  1629 | D:2      | Found a faded altar of an unknown god.
  1773 | D:2      | Noticed Natasha
  1782 | D:2      | Killed Natasha
  1908 | D:2      | Reached skill level 6 in Short Blades
  2064 | D:2      | Reached XP level 5. HP: 32/32 MP: 5/5
  2781 | D:2      | Noticed Natasha
  2787 | D:2      | Killed Natasha
  3047 | D:3      | HP: 1/32 [orc wizard/magic dart (7)]
  3051 | D:3      | Slain by an orc wizard

Illustrated notes

Levels and vault maps discovered:
D:1:      evilmike_arrival_plus, layout_basic
D:2:      kennysheep_big_flooded_room, layout_loops_corners, serial_rivers,
          chequers_serial_rivers_large_a, chequers_serial_rivers_room_b,
          chequers_serial_rivers_micro_a, chequers_serial_rivers_micro_b,
          chequers_serial_rivers_micro_d, chequers_serial_rivers_micro_a,
          chequers_ecumenical_altar_simple_redux, serial_park_tiny_1,
          uniq_natasha
D:3:      layout_loops_ring

Skill      XL: |  1  2  3  4 |
---------------+-------------+-----
Stealth        | 1 2 3 |  3.7
Short Blades   | 5 6 |  6.6
Fighting       | |  3.2
Armour         | |  1.6
Dodging        | |  2.4

Action                   |  1- 3 |  4- 6 || total
-------------------------+-------+-------++-------
Melee: Short sword       |    69 |    72 ||   141
Invok: Berserk           |       |     3 ||     3
  Use: Scroll            |     1 |       ||     1
       Potion            |       |     1 ||     1
 Stab: Sleeping          |    11 |    11 ||    22
       Distracted        |       |     1 ||     1
Armor: Animal skin       |     5 |     6 ||    11
Dodge: Dodged            |    36 |    22 ||    58

Table legend: (Time is in decaauts)
 A = Elapsed time spent in this place.
 B = Non-inter-level travel time spent in this place.
 C = Inter-level travel time spent in this place.
 D = Time resting spent in this place.
 E = Time spent auto-exploring this place.
 F = Levels seen in this place.
 G = Mean time per level.
                   A        B        C        D        E       F      G
               +--------+--------+--------+--------+--------+-----+--------+
         Total |   3059 |   3033 |     26 |    841 |   1852 |   3 | 1019.7 |
       Dungeon |   3059 |   3033 |     26 |    841 |   1852 |   3 | 1019.7 |
               +--------+--------+--------+--------+--------+-----+--------+

Top non-repeatable levels by time:
     D:2: 1719 daAuts
     D:1: 1112 daAuts
     D:3: 227 daAuts
